[ AOE2 MATCH · #484642431 ]
UnrankedGeorgians vs Muisca
[ REPLAY ANALYSIS · EXTRACTED FROM THE RECORDED GAME ]
Feudal
14:18
Castle
18:28
Imperial
—
| APM avg | 22.4 |
| APM peak | 61 |
| eAPM avg | 10.5 |
| Villagers / military | 83 / 20 |
Focus
⚔️ 22.8% · 🌾 77.2%
Monaspa ×19 · Monk ×1
Feudal
15:11
Castle
21:07
Imperial
—
| APM avg | 21.1 |
| APM peak | 57 |
| eAPM avg | 11.8 |
| Villagers / military | 81 / 15 |
Focus
⚔️ 17.9% · 🌾 82.1%
Cavalry Archer ×12 · Spearman ×3
Feudal
12:15
Castle
17:16
Imperial
—
| APM avg | 27.3 |
| APM peak | 73 |
| eAPM avg | 13.9 |
| Villagers / military | 89 / 3 |
Focus
⚔️ 20.1% · 🌾 79.9%
Unknown (2550) ×23 · Battering Ram ×3 · Unknown (2562) ×3
Feudal
15:34
Castle
25:28
Imperial
—
| APM avg | 41.1 |
| APM peak | 87 |
| eAPM avg | 23.4 |
| Villagers / military | 63 / 19 |
Focus
⚔️ 24.1% · 🌾 75.9%
Scout Cavalry ×8 · Knight ×6 · Throwing Axeman ×4 · Battering Ram ×1
Feudal
15:23
Castle
19:42
Imperial
—
| APM avg | 19.0 |
| APM peak | 41 |
| eAPM avg | 8.8 |
| Villagers / military | 30 / 0 |
Focus
⚔️ 29.6% · 🌾 70.4%
Feudal
20:06
Castle
30:50
Imperial
—
| APM avg | 18.4 |
| APM peak | 45 |
| eAPM avg | 10.0 |
| Villagers / military | 59 / 6 |
Focus
⚔️ 14.1% · 🌾 85.9%
Spearman ×6
Feudal
16:06
Castle
19:39
Imperial
24:49
| APM avg | 30.3 |
| APM peak | 69 |
| eAPM avg | 15.7 |
| Villagers / military | 101 / 33 |
Focus
⚔️ 20.0% · 🌾 80.0%
Janissary ×17 · Scout Cavalry ×10 · Bombard Cannon ×6
Feudal
15:01
Castle
19:39
Imperial
—
| APM avg | 30.8 |
| APM peak | 81 |
| eAPM avg | 16.8 |
| Villagers / military | 120 / 57 |
Focus
⚔️ 22.9% · 🌾 77.1%
Knight ×29 · Skirmisher ×14 · Cavalry Archer ×14 · Fishing Ship ×8
Match map
Initial resources + every placement click. Lines = walls · curves = elevation contours. ◆ gold · ⬟ stone · ● berries · ✦ relic · ◌ wall gap
Your base· Open — unwalled flank
Sargon II's base· Open — unwalled flank
Napopappone's base· Open — 7t gap
vapo's base· Open — unwalled flank
LolloLove91's base· Open — unwalled flank
Grinch's base· Open — 7t gap
Aze's base· Open — unwalled flank
jardan1234's base· ✓ Closed at 19:39 · 55t walls · no gate
Smoothed initial terrain · ◌ = detected wall gap · hover for details
Inputs per minute
— [AJJRR] Minillop - - Sargon II
Build order — [AJJRR] Minillop
124 actions detected in the replay
| 0:36 | Build | Town Center |
| 1:21 | Build | House |
| 1:50 | Build | House |
| 2:53 | Create | Villager (Male) |
| 2:53 | Create | Villager (Male) |
| 2:53 | Create | Villager (Male) |
| 2:53 | Create | Villager (Male) |
| 4:38 | Create | Villager (Male) |
| 4:38 | Create | Villager (Male) |
| 4:38 | Create | Villager (Male) |
| 4:39 | Create | Villager (Male) |
| 5:34 | Create | Villager (Male) |
| 5:35 | Create | Villager (Male) |
| 5:36 | Create | Villager (Male) |
| 6:10 | Create | Villager (Male) |
| 6:11 | Create | Villager (Male) |
| 6:47 | Create | Villager (Male) |
| 6:47 | Create | Villager (Male) |
| 6:47 | Create | Villager (Male) |
| 6:48 | Create | Villager (Male) |
| 6:48 | Create | Villager (Male) |
| 6:48 | Create | Villager (Male) |
| 7:05 | Create | Villager (Male) |
| 7:20 | Build | House |
| 7:43 | Create | Villager (Male) |
| 7:44 | Create | Villager (Male) |
| 8:18 | Build | House |
| 8:25 | Build | House |
| 8:31 | Build | House |
| 8:40 | Build | Palisade Gate |
| 9:27 | Build | Mill |
| 9:35 | Create | Villager (Male) |
| 9:48 | Create | Villager (Male) |
| 9:48 | Create | Villager (Male) |
| 10:40 | Create | Villager (Male) |
| 10:40 | Create | Villager (Male) |
| 10:40 | Create | Villager (Male) |
| 10:45 | Create | Villager (Male) |
| 11:03 | Build | Mule Cart |
| 11:35 | Research | Feudal Age |
| 12:14 | Build | Farm |
| 12:21 | Build | Farm |
| 12:26 | Research | Loom |
| 12:26 | Create | Villager (Male) |
| 13:49 | Build | Farm |
| 14:18 | Age | Feudal Age |
| 14:21 | Build | Market |
| 14:26 | Build | Blacksmith |
| 15:17 | Build | Mule Cart |
| 15:41 | Research | Horse Collar |
| 15:43 | Research | Double-Bit Axe |
| 15:48 | Research | Castle Age |
| 18:28 | Age | Castle Age |
| 18:50 | Research | Wheelbarrow |
| 18:57 | Research | Bow Saw |
| 19:02 | Research | Stone Mining |
| 19:18 | Build | Monastery |
| 19:36 | Build | Outpost |
| 20:22 | Build | Castle |
| 20:27 | Build | House |
| 20:31 | Build | Palisade Wall |
| 21:48 | Research | Hand Cart |
| 22:00 | Create | Monk |
| 22:13 | Research | Stone Shaft Mining |
| 22:19 | Create | Monaspa |
| 22:19 | Create | Monaspa |
| 22:25 | Create | Monaspa |
| 22:25 | Create | Monaspa |
| 22:28 | Create | Villager (Male) |
| 22:54 | Build | Town Center |
| 23:07 | Create | Monaspa |
| 23:07 | Create | Monaspa |
| 23:33 | Build | Farm |
| 23:33 | Build | Farm |
| 23:33 | Build | Farm |
| 23:33 | Build | Farm |
| 23:33 | Build | Farm |
| 23:52 | Research | Town Watch |
| 24:25 | Build | Farm |
| 24:30 | Build | Farm |
| 24:33 | Create | Villager (Male) |
| 24:33 | Create | Villager (Male) |
| 24:36 | Create | Villager (Male) |
| 24:53 | Create | Monaspa |
| 24:53 | Create | Monaspa |
| 25:41 | Create | Monaspa |
| 25:42 | Create | Monaspa |
| 25:42 | Create | Monaspa |
| 26:00 | Create | Monaspa |
| 26:48 | Create | Villager (Male) ×5 |
| 26:57 | Create | Villager (Male) ×3 |
| 27:17 | Create | Monaspa |
| 27:28 | Build | Farm |
| 27:28 | Build | Farm |
| 27:28 | Build | Farm |
| 27:28 | Build | Farm |
| 27:28 | Build | Farm |
| 27:29 | Build | Farm |
| 27:29 | Build | Farm |
| 28:31 | Create | Monaspa ×4 |
| 29:01 | Create | Villager (Male) ×5 |
| 29:44 | Research | Forging |
| 29:51 | Create | Monaspa ×2 |
| 29:54 | Create | Villager (Male) |
| 29:55 | Create | Villager (Male) |
| 31:10 | Create | Villager (Male) ×5 |
| 31:30 | Create | Villager (Male) ×5 |
| 31:30 | Create | Villager (Male) ×5 |
| 31:39 | Build | Town Center |
| 32:08 | Create | Villager (Male) ×3 |
| 32:09 | Create | Villager (Male) ×3 |
| 32:09 | Create | Villager (Male) |
| 32:09 | Create | Villager (Male) |
| 32:10 | Create | Villager (Male) |
| 32:20 | Create | Villager (Male) |
| 32:30 | Build | Town Center |
| 33:04 | Build | Castle |
| 33:59 | Research | Scale Barding Armor |
| 33:59 | Research | Iron Casting |
| 34:34 | Build | Barracks |
| 34:39 | Build | House |
| 35:15 | Create | Villager (Male) ×5 |
| 35:16 | Create | Villager (Male) ×4 |
| 35:34 | Build | Mule Cart |
Build order — Sargon II
First 150 of 156 actions detected
| 1:29 | Build | Town Center |
| 3:14 | Build | House |
| 3:27 | Create | Villager (Male) |
| 3:27 | Create | Villager (Male) |
| 3:28 | Create | Villager (Male) |
| 3:28 | Create | Villager (Male) |
| 3:29 | Create | Villager (Male) |
| 4:40 | Create | Villager (Male) |
| 4:40 | Create | Villager (Male) |
| 5:25 | Create | Villager (Male) |
| 5:25 | Create | Villager (Male) |
| 5:25 | Create | Villager (Male) |
| 5:37 | Build | House |
| 5:57 | Build | House |
| 6:11 | Create | Villager (Male) |
| 6:11 | Create | Villager (Male) |
| 6:38 | Research | Loom |
| 6:38 | Create | Villager (Male) |
| 6:38 | Create | Villager (Male) |
| 6:39 | Create | Villager (Male) |
| 7:36 | Build | Lumber Camp |
| 7:40 | Create | Villager (Male) |
| 7:40 | Create | Villager (Male) |
| 8:49 | Create | Villager (Male) |
| 8:50 | Create | Villager (Male) |
| 9:11 | Build | House |
| 9:34 | Build | Mill |
| 10:14 | Create | Villager (Male) |
| 10:14 | Create | Villager (Male) |
| 10:15 | Create | Villager (Male) |
| 10:17 | Create | Villager (Male) |
| 12:02 | Create | Villager (Male) |
| 12:02 | Create | Villager (Male) |
| 12:26 | Build | Barracks |
| 12:52 | Build | Mill |
| 13:01 | Research | Feudal Age |
| 13:18 | Build | House |
| 13:48 | Build | Mining Camp |
| 14:21 | Create | Villager (Male) |
| 14:21 | Create | Villager (Male) |
| 14:23 | Create | Villager (Male) |
| 14:23 | Create | Villager (Male) |
| 15:11 | Age | Feudal Age |
| 15:18 | Build | House |
| 15:20 | Create | Spearman |
| 15:21 | Create | Spearman |
| 15:21 | Create | Spearman |
| 15:34 | Build | Blacksmith |
| 16:22 | Build | Archery Range |
| 17:02 | Create | Villager (Male) |
| 18:27 | Research | Castle Age |
| 19:10 | Research | Double-Bit Axe |
| 19:28 | Build | House |
| 19:48 | Build | Archery Range |
| 19:55 | Create | Villager (Male) |
| 19:56 | Create | Villager (Male) |
| 20:08 | Research | Horse Collar |
| 20:10 | Create | Villager (Male) |
| 21:07 | Age | Castle Age |
| 21:15 | Build | Town Center |
| 21:25 | Build | Town Center |
| 21:39 | Build | Farm |
| 21:39 | Build | Farm |
| 21:40 | Build | Farm |
| 21:40 | Build | Farm |
| 21:41 | Build | Farm |
| 21:42 | Build | Farm |
| 21:42 | Build | Farm |
| 21:58 | Create | Villager (Male) |
| 21:59 | Create | Villager (Male) |
| 22:17 | Create | Villager (Male) |
| 22:17 | Create | Villager (Male) |
| 22:27 | Build | Farm |
| 22:27 | Build | Farm |
| 22:28 | Build | Farm |
| 22:39 | Create | Villager (Male) |
| 22:54 | Build | House |
| 22:57 | Build | House |
| 23:01 | Create | Cavalry Archer |
| 23:01 | Create | Cavalry Archer |
| 23:15 | Create | Villager (Male) |
| 23:16 | Create | Villager (Male) |
| 23:24 | Build | Farm |
| 23:25 | Build | Farm |
| 23:27 | Create | Villager (Male) |
| 23:27 | Create | Villager (Male) |
| 23:34 | Create | Cavalry Archer |
| 23:53 | Build | Farm |
| 23:54 | Build | Farm |
| 23:54 | Build | Farm |
| 23:58 | Create | Villager (Male) |
| 24:00 | Create | Villager (Male) |
| 24:09 | Build | Farm |
| 24:10 | Build | Farm |
| 24:10 | Build | Farm |
| 24:13 | Create | Cavalry Archer |
| 24:13 | Create | Cavalry Archer |
| 24:14 | Create | Villager (Male) |
| 24:15 | Create | Villager (Male) |
| 24:25 | Build | House |
| 24:26 | Build | House |
| 24:30 | Create | Cavalry Archer |
| 24:30 | Create | Cavalry Archer |
| 24:40 | Create | Villager (Male) |
| 24:40 | Create | Villager (Male) |
| 25:13 | Research | Squires |
| 25:58 | Create | Villager (Male) |
| 25:59 | Create | Villager (Male) |
| 26:42 | Create | Cavalry Archer |
| 26:42 | Create | Cavalry Archer |
| 26:56 | Create | Villager (Male) |
| 26:56 | Create | Villager (Male) |
| 26:56 | Create | Villager (Male) |
| 26:58 | Create | Cavalry Archer |
| 27:54 | Create | Cavalry Archer |
| 27:55 | Create | Cavalry Archer |
| 27:55 | Create | Villager (Male) |
| 27:56 | Create | Villager (Male) |
| 28:15 | Create | Villager (Male) |
| 28:15 | Create | Villager (Male) |
| 28:15 | Create | Villager (Male) |
| 30:04 | Create | Villager (Male) |
| 31:22 | Create | Villager (Male) |
| 31:22 | Create | Villager (Male) |
| 32:04 | Build | Farm |
| 32:04 | Build | Farm |
| 32:05 | Build | Farm |
| 32:05 | Build | Farm |
| 32:14 | Build | Farm |
| 32:14 | Build | Farm |
| 32:14 | Build | Farm |
| 32:51 | Build | Farm |
| 32:56 | Create | Villager (Male) |
| 32:56 | Create | Villager (Male) |
| 33:07 | Create | Villager (Male) |
| 33:07 | Create | Villager (Male) |
| 33:39 | Build | Town Center |
| 33:43 | Create | Villager (Male) |
| 33:43 | Create | Villager (Male) |
| 33:43 | Create | Villager (Male) |
| 33:57 | Create | Villager (Male) |
| 33:58 | Create | Villager (Male) |
| 34:23 | Create | Villager (Male) |
| 34:23 | Create | Villager (Male) |
| 34:41 | Create | Villager (Male) |
| 34:41 | Create | Villager (Male) |
| 35:00 | Create | Villager (Male) |
| 35:00 | Create | Villager (Male) |
| 35:24 | Create | Villager (Male) |
| 35:24 | Create | Villager (Male) |
Build order — Napopappone
First 150 of 182 actions detected
| 0:07 | Build | Town Center |
| 1:07 | Build | House |
| 2:20 | Create | Villager (Male) |
| 2:21 | Create | Villager (Male) |
| 2:56 | Create | Villager (Male) |
| 2:57 | Create | Villager (Male) |
| 3:44 | Research | Loom |
| 4:13 | Create | Villager (Male) |
| 4:13 | Create | Villager (Male) |
| 4:14 | Create | Villager (Male) |
| 4:14 | Create | Villager (Male) |
| 5:28 | Build | House |
| 5:30 | Build | House |
| 5:40 | Create | Villager (Male) |
| 5:40 | Create | Villager (Male) |
| 5:41 | Create | Villager (Male) |
| 6:52 | Create | Villager (Male) |
| 6:52 | Create | Villager (Male) |
| 7:03 | Create | Villager (Male) |
| 7:43 | Build | Settlement |
| 8:21 | Create | Villager (Male) |
| 8:21 | Create | Villager (Male) |
| 9:05 | Create | Villager (Male) |
| 9:21 | Create | Villager (Male) |
| 9:21 | Create | Villager (Male) |
| 9:52 | Build | Palisade Wall |
| 10:05 | Research | Feudal Age |
| 11:08 | Build | Settlement |
| 11:31 | Create | Villager (Male) |
| 11:31 | Create | Villager (Male) |
| 12:15 | Age | Feudal Age |
| 12:35 | Build | Market |
| 12:44 | Create | Villager (Male) |
| 13:19 | Create | Villager (Male) |
| 13:26 | Build | Blacksmith |
| 13:54 | Create | Villager (Male) |
| 14:36 | Research | Castle Age |
| 14:36 | Research | Castle Age |
| 15:59 | Build | Barracks |
| 16:09 | Research | Double-Bit Axe |
| 16:12 | Research | Horse Collar |
| 17:03 | Build | Barracks |
| 17:16 | Create | Villager (Male) |
| 17:16 | Age | Castle Age |
| 17:16 | Create | Villager (Male) |
| 17:22 | Research | Tech 1402 |
| 17:42 | Research | Bow Saw |
| 18:24 | Build | Town Center |
| 18:30 | Research | Squires |
| 18:38 | Research | Gold Mining |
| 19:09 | Create | Villager (Male) |
| 19:09 | Create | Villager (Male) |
| 19:45 | Build | Settlement |
| 19:50 | Create | Villager (Male) |
| 19:51 | Create | Villager (Male) |
| 20:08 | Create | Villager (Male) |
| 20:08 | Create | Villager (Male) |
| 20:14 | Research | Tech 1351 |
| 20:48 | Build | Town Center |
| 20:54 | Create | Villager (Male) |
| 21:10 | Create | Villager (Male) |
| 21:47 | Create | Unit 2550 ×5 |
| 21:50 | Create | Villager (Male) |
| 21:51 | Create | Villager (Male) |
| 22:08 | Create | Villager (Male) |
| 22:29 | Build | Settlement |
| 22:33 | Create | Villager (Male) |
| 22:33 | Create | Villager (Male) |
| 22:54 | Create | Villager (Male) |
| 22:55 | Create | Villager (Male) |
| 22:55 | Create | Villager (Male) |
| 23:11 | Research | Scale Mail Armor |
| 23:17 | Create | Unit 2550 ×4 |
| 23:41 | Create | Villager (Male) |
| 23:41 | Create | Villager (Male) |
| 23:42 | Create | Villager (Male) |
| 23:57 | Create | Villager (Male) |
| 23:57 | Create | Villager (Male) |
| 24:08 | Create | Villager (Male) |
| 24:08 | Create | Villager (Male) |
| 24:43 | Build | Siege Workshop |
| 25:10 | Create | Villager (Male) |
| 25:11 | Create | Villager (Male) |
| 25:11 | Create | Villager (Male) |
| 25:25 | Create | Unit 2550 ×5 |
| 25:30 | Build | Farm |
| 25:30 | Build | Farm |
| 25:30 | Build | Farm |
| 25:31 | Build | Farm |
| 25:48 | Create | Battering Ram |
| 26:09 | Create | Villager (Male) |
| 26:09 | Create | Villager (Male) |
| 26:22 | Build | House |
| 26:23 | Build | House |
| 26:23 | Build | House |
| 26:23 | Build | House |
| 26:24 | Build | House |
| 26:44 | Create | Villager (Male) |
| 26:45 | Create | Villager (Male) |
| 26:53 | Build | Farm |
| 27:56 | Create | Battering Ram |
| 28:03 | Create | Unit 2550 ×5 |
| 28:10 | Build | Farm |
| 28:15 | Create | Villager (Male) |
| 28:15 | Create | Villager (Male) |
| 28:15 | Create | Villager (Male) |
| 28:16 | Create | Villager (Male) |
| 28:16 | Create | Villager (Male) |
| 28:37 | Create | Battering Ram |
| 28:43 | Create | Villager (Male) |
| 28:44 | Create | Villager (Male) |
| 28:44 | Create | Villager (Male) |
| 29:13 | Create | Villager (Male) |
| 29:13 | Create | Villager (Male) |
| 29:14 | Create | Villager (Male) |
| 29:38 | Create | Unit 2550 |
| 29:38 | Create | Unit 2550 |
| 30:28 | Create | Villager (Male) |
| 30:28 | Create | Villager (Male) |
| 30:29 | Create | Villager (Male) |
| 30:29 | Create | Villager (Male) |
| 30:43 | Create | Unit 2550 |
| 30:43 | Create | Unit 2550 |
| 30:58 | Build | Settlement |
| 31:06 | Build | Settlement |
| 31:30 | Build | Farm |
| 31:31 | Build | Farm |
| 31:31 | Build | Farm |
| 31:31 | Build | Farm |
| 31:46 | Build | Settlement |
| 31:48 | Build | Farm |
| 31:48 | Build | Farm |
| 31:48 | Build | Farm |
| 31:49 | Build | Farm |
| 31:49 | Build | Farm |
| 31:49 | Build | Farm |
| 31:50 | Build | Farm |
| 31:50 | Build | Farm |
| 32:06 | Build | Castle |
| 32:07 | Create | Villager (Male) |
| 32:08 | Create | Villager (Male) |
| 32:08 | Create | Villager (Male) |
| 32:14 | Build | Farm |
| 32:28 | Create | Villager (Male) |
| 32:28 | Create | Villager (Male) |
| 32:34 | Build | Settlement |
| 32:47 | Create | Villager (Male) |
| 32:48 | Create | Villager (Male) |
| 32:48 | Create | Villager (Male) |
| 32:48 | Create | Villager (Male) |
Build order — vapo
148 actions detected in the replay
| 1:43 | Build | Town Center |
| 2:22 | Build | House |
| 2:26 | Build | House |
| 3:43 | Create | Villager (Male) |
| 3:43 | Create | Villager (Male) |
| 3:43 | Create | Villager (Male) |
| 3:55 | Research | Loom |
| 4:02 | Create | Villager (Male) |
| 4:23 | Create | Villager (Male) |
| 5:02 | Create | Villager (Male) |
| 5:38 | Create | Villager (Male) |
| 6:02 | Create | Villager (Male) |
| 6:38 | Create | Villager (Male) |
| 6:58 | Create | Villager (Male) |
| 6:58 | Create | Villager (Male) |
| 7:08 | Build | House |
| 7:14 | Create | Villager (Male) |
| 7:17 | Create | Villager (Male) |
| 8:00 | Build | Lumber Camp |
| 8:05 | Create | Villager (Male) |
| 8:23 | Create | Villager (Male) |
| 8:39 | Build | House |
| 9:38 | Create | Villager (Male) |
| 10:09 | Create | Villager (Male) |
| 10:24 | Build | Mill |
| 10:30 | Create | Villager (Male) |
| 10:45 | Build | House |
| 10:48 | Build | Palisade Wall |
| 10:56 | Create | Villager (Male) |
| 11:37 | Create | Villager (Male) |
| 11:38 | Create | Villager (Male) |
| 12:13 | Create | Villager (Male) |
| 12:35 | Build | Barracks |
| 12:59 | Build | Palisade Wall |
| 13:10 | Build | Palisade Wall |
| 13:24 | Research | Feudal Age |
| 13:38 | Build | Mill |
| 14:49 | Create | Villager (Male) |
| 14:54 | Build | House |
| 15:34 | Age | Feudal Age |
| 15:39 | Build | Stable |
| 15:45 | Create | Villager (Male) |
| 16:13 | Create | Scout Cavalry |
| 16:14 | Create | Scout Cavalry |
| 16:14 | Create | Scout Cavalry |
| 16:22 | Create | Villager (Male) |
| 16:44 | Create | Villager (Male) |
| 17:22 | Create | Villager (Male) |
| 17:23 | Create | Villager (Male) |
| 17:25 | Create | Scout Cavalry |
| 17:40 | Create | Villager (Male) |
| 17:48 | Build | Mining Camp |
| 17:48 | Create | Villager (Male) |
| 17:51 | Build | House |
| 17:52 | Build | House |
| 18:16 | Create | Villager (Male) |
| 18:47 | Create | Villager (Male) |
| 18:53 | Build | Mill |
| 18:57 | Build | House |
| 18:59 | Build | House |
| 19:38 | Build | Blacksmith |
| 19:49 | Create | Villager (Male) |
| 20:13 | Create | Scout Cavalry |
| 20:13 | Create | Scout Cavalry |
| 21:22 | Create | Villager (Male) |
| 21:55 | Build | Market |
| 22:14 | Create | Villager (Male) |
| 22:36 | Build | Mill |
| 22:48 | Research | Castle Age |
| 22:54 | Build | Mining Camp |
| 23:18 | Create | Scout Cavalry |
| 23:58 | Create | Scout Cavalry |
| 24:17 | Create | Villager (Male) |
| 24:39 | Create | Villager (Male) |
| 25:06 | Create | Villager (Male) |
| 25:28 | Age | Castle Age |
| 25:32 | Build | Castle |
| 25:36 | Create | Knight |
| 25:36 | Create | Knight |
| 25:41 | Build | House |
| 25:55 | Create | Villager (Male) |
| 25:55 | Create | Villager (Male) |
| 26:03 | Build | Town Center |
| 26:13 | Build | House |
| 26:16 | Build | House |
| 26:21 | Build | House |
| 26:25 | Build | House |
| 26:30 | Build | Palisade Wall |
| 26:33 | Build | Palisade Wall |
| 26:36 | Build | Palisade Wall |
| 26:45 | Create | Villager (Male) |
| 26:45 | Create | Villager (Male) |
| 27:01 | Create | Throwing Axeman |
| 27:01 | Create | Throwing Axeman |
| 27:19 | Research | Fletching |
| 27:41 | Build | Palisade Gate |
| 27:45 | Build | Palisade Gate |
| 27:57 | Build | Palisade Gate |
| 28:03 | Create | Knight |
| 28:03 | Create | Knight |
| 28:10 | Create | Villager (Male) |
| 28:10 | Create | Villager (Male) |
| 28:12 | Build | Farm |
| 28:12 | Build | Farm |
| 29:21 | Build | Siege Workshop |
| 29:23 | Create | Villager (Male) |
| 29:26 | Create | Villager (Male) |
| 29:26 | Create | Villager (Male) |
| 29:50 | Build | Farm |
| 29:56 | Build | Farm |
| 29:56 | Build | Farm |
| 30:28 | Create | Battering Ram |
| 30:32 | Create | Villager (Male) |
| 30:35 | Create | Villager (Male) |
| 30:36 | Create | Villager (Male) |
| 30:36 | Create | Villager (Male) |
| 31:03 | Create | Throwing Axeman |
| 31:04 | Create | Throwing Axeman |
| 31:07 | Create | Villager (Male) |
| 31:08 | Build | Farm |
| 31:10 | Build | Farm |
| 31:37 | Build | Mill |
| 32:04 | Build | Farm |
| 32:06 | Create | Villager (Male) |
| 32:16 | Research | Double-Bit Axe |
| 32:29 | Build | Mining Camp |
| 32:40 | Research | Gold Mining |
| 33:00 | Create | Knight |
| 33:00 | Create | Knight |
| 33:11 | Build | Farm |
| 33:13 | Build | Farm |
| 33:13 | Create | Villager (Male) |
| 33:51 | Create | Villager (Male) |
| 33:53 | Build | Farm |
| 33:55 | Build | Farm |
| 33:57 | Build | Farm |
| 33:58 | Create | Villager (Male) |
| 34:15 | Create | Villager (Male) |
| 34:45 | Build | Town Center |
| 34:55 | Create | Villager (Male) |
| 35:24 | Research | Husbandry |
| 35:31 | Build | Farm |
| 35:32 | Build | Farm |
| 35:33 | Create | Villager (Male) |
| 35:35 | Create | Villager (Male) |
| 35:36 | Create | Villager (Male) |
| 35:38 | Create | Villager (Male) |
| 35:38 | Create | Villager (Male) |
Build order — LolloLove91
76 actions detected in the replay
| 0:15 | Build | Town Center |
| 2:50 | Create | Villager (Male) |
| 2:50 | Create | Villager (Male) |
| 2:51 | Create | Villager (Male) |
| 2:51 | Create | Villager (Male) |
| 3:31 | Research | Loom |
| 3:47 | Build | House |
| 3:56 | Create | Villager (Male) |
| 3:56 | Create | Villager (Male) |
| 3:57 | Create | Villager (Male) |
| 5:07 | Create | Villager (Male) |
| 5:22 | Create | Villager (Male) |
| 5:22 | Create | Villager (Male) |
| 5:48 | Create | Villager (Male) |
| 6:06 | Create | Villager (Male) |
| 6:06 | Create | Villager (Male) |
| 6:29 | Create | Villager (Male) |
| 6:32 | Build | House |
| 6:55 | Build | House |
| 8:24 | Create | Villager (Male) |
| 8:36 | Build | Mill |
| 8:45 | Create | Villager (Male) |
| 9:03 | Create | Villager (Male) |
| 9:03 | Create | Villager (Male) |
| 9:50 | Build | Farm |
| 10:02 | Build | Farm |
| 10:05 | Create | Villager (Male) |
| 10:08 | Build | House |
| 10:43 | Create | Villager (Male) |
| 11:07 | Create | Villager (Male) |
| 11:32 | Create | Villager (Male) |
| 11:35 | Build | Lumber Camp |
| 11:36 | Create | Villager (Male) |
| 11:50 | Build | Farm |
| 11:53 | Build | Farm |
| 12:06 | Research | Feudal Age |
| 12:09 | Create | Villager (Male) |
| 12:12 | Create | Villager (Male) |
| 12:36 | Build | Farm |
| 12:59 | Build | Farm |
| 13:05 | Research | Feudal Age |
| 13:41 | Build | Farm |
| 14:10 | Build | Farm |
| 14:53 | Build | House |
| 15:23 | Age | Feudal Age |
| 15:26 | Build | Blacksmith |
| 15:35 | Build | Market |
| 15:39 | Create | Villager (Male) |
| 15:52 | Build | Farm |
| 16:09 | Create | Villager (Male) |
| 16:14 | Build | Mining Camp |
| 16:39 | Build | Farm |
| 17:03 | Research | Castle Age |
| 18:29 | Create | Villager (Male) |
| 18:58 | Research | Fletching |
| 19:42 | Age | Castle Age |
| 19:49 | Build | Castle |
| 20:03 | Build | Palisade Gate |
| 20:08 | Build | Palisade Wall |
| 20:22 | Build | Palisade Wall |
| 20:30 | Build | Palisade Wall |
| 20:32 | Build | Palisade Wall |
| 20:58 | Build | Palisade Wall |
| 20:59 | Build | Palisade Wall |
| 21:10 | Build | Palisade Wall |
| 22:10 | Research | Bodkin Arrow |
| 22:20 | Build | Lumber Camp |
| 23:55 | Build | Lumber Camp |
| 24:20 | Create | Villager (Male) |
| 24:24 | Research | Wheelbarrow |
| 25:18 | Build | House |
| 25:40 | Create | Villager (Male) |
| 25:52 | Build | House |
| 27:02 | Build | Lumber Camp |
| 31:48 | Build | Town Center |
| 35:16 | Build | Town Center |
Build order — Grinch
117 actions detected in the replay
| 0:26 | Build | House |
| 0:27 | Build | House |
| 1:05 | Build | Town Center |
| 3:51 | Create | Villager (Male) ×4 |
| 3:51 | Create | Villager (Male) ×4 |
| 5:25 | Create | Villager (Male) |
| 5:25 | Create | Villager (Male) |
| 6:00 | Create | Villager (Male) |
| 6:01 | Create | Villager (Male) |
| 6:27 | Create | Villager (Male) |
| 6:27 | Create | Villager (Male) |
| 6:27 | Create | Villager (Male) |
| 6:55 | Create | Villager (Male) |
| 6:56 | Create | Villager (Male) |
| 7:21 | Research | Loom |
| 7:23 | Create | Villager (Male) |
| 7:28 | Create | Villager (Male) |
| 8:26 | Build | Mill |
| 8:29 | Create | Villager (Male) |
| 8:29 | Create | Villager (Male) |
| 9:23 | Create | Villager (Male) ×2 |
| 9:23 | Create | Villager (Male) ×2 |
| 10:00 | Build | House |
| 10:09 | Build | Lumber Camp |
| 10:19 | Build | Mill |
| 10:23 | Create | Villager (Male) |
| 10:23 | Create | Villager (Male) |
| 10:32 | Create | Villager (Male) |
| 10:46 | Build | Farm |
| 10:48 | Build | Farm |
| 10:51 | Create | Villager (Male) ×3 |
| 10:58 | Build | House |
| 11:04 | Build | Mining Camp |
| 12:31 | Create | Villager (Male) |
| 12:31 | Create | Villager (Male) |
| 12:43 | Build | Farm |
| 12:45 | Build | Farm |
| 12:46 | Build | Farm |
| 12:47 | Build | Farm |
| 13:00 | Create | Villager (Male) |
| 13:43 | Build | Farm |
| 13:44 | Build | Farm |
| 13:44 | Build | Farm |
| 13:44 | Build | Farm |
| 13:47 | Build | Farm |
| 13:49 | Create | Villager (Male) |
| 13:49 | Create | Villager (Male) |
| 14:11 | Build | Barracks |
| 14:28 | Create | Villager (Male) |
| 14:38 | Build | House |
| 14:44 | Create | Villager (Male) |
| 14:58 | Build | Farm |
| 15:19 | Create | Villager (Male) |
| 15:42 | Build | Farm |
| 15:53 | Build | Farm |
| 15:56 | Create | Villager (Male) |
| 16:11 | Build | Farm |
| 16:23 | Create | Villager (Male) |
| 16:36 | Build | Farm |
| 16:47 | Create | Villager (Male) |
| 17:56 | Research | Feudal Age |
| 19:44 | Create | Villager (Male) |
| 19:45 | Create | Villager (Male) |
| 20:06 | Age | Feudal Age |
| 20:08 | Create | Spearman |
| 20:08 | Create | Spearman |
| 20:19 | Research | Double-Bit Axe |
| 20:22 | Research | Horse Collar |
| 20:31 | Build | Farm |
| 20:31 | Build | Farm |
| 20:36 | Create | Villager (Male) |
| 20:42 | Create | Spearman |
| 21:25 | Create | Villager (Male) |
| 21:25 | Create | Villager (Male) |
| 22:05 | Build | Farm |
| 22:10 | Build | Farm |
| 22:15 | Build | Farm |
| 22:16 | Build | Farm |
| 22:16 | Build | Farm |
| 22:16 | Build | Farm |
| 22:16 | Build | Farm |
| 22:17 | Build | Farm |
| 22:17 | Build | Farm |
| 22:21 | Create | Villager (Male) ×5 |
| 22:37 | Build | House |
| 22:37 | Build | House |
| 22:37 | Build | House |
| 22:38 | Build | House |
| 22:44 | Build | Stable |
| 24:05 | Create | Spearman |
| 24:05 | Create | Spearman |
| 24:34 | Create | Spearman |
| 24:46 | Build | Farm |
| 25:09 | Build | Blacksmith |
| 25:14 | Create | Villager (Male) |
| 25:46 | Research | Wheelbarrow |
| 28:10 | Research | Castle Age |
| 30:50 | Age | Castle Age |
| 31:00 | Build | Town Center |
| 34:22 | Build | Farm |
| 34:23 | Build | Farm |
| 34:26 | Create | Villager (Male) ×2 |
| 34:26 | Create | Villager (Male) ×2 |
| 34:34 | Build | Farm |
| 34:34 | Build | Farm |
| 34:35 | Build | Farm |
| 34:35 | Build | Farm |
| 34:35 | Build | Farm |
| 34:35 | Build | Farm |
| 34:36 | Build | Farm |
| 34:36 | Build | Farm |
| 34:37 | Build | Farm |
| 34:37 | Build | Farm |
| 34:37 | Build | Farm |
| 34:38 | Build | Farm |
| 35:19 | Create | Villager (Male) |
| 35:19 | Create | Villager (Male) |
Build order — Aze
First 150 of 230 actions detected
| 0:13 | Build | Town Center |
| 2:25 | Build | House |
| 2:37 | Create | Villager (Male) ×4 |
| 3:47 | Create | Villager (Male) |
| 3:47 | Create | Villager (Male) |
| 4:17 | Build | House |
| 4:34 | Create | Villager (Male) |
| 4:34 | Create | Villager (Male) |
| 4:50 | Build | House |
| 4:55 | Build | House |
| 4:57 | Build | House |
| 5:10 | Create | Villager (Male) |
| 5:10 | Create | Villager (Male) |
| 5:29 | Create | Villager (Male) |
| 5:29 | Create | Villager (Male) |
| 5:56 | Create | Villager (Male) |
| 6:01 | Build | House |
| 6:20 | Create | Villager (Male) |
| 6:20 | Create | Villager (Male) |
| 6:50 | Create | Villager (Male) |
| 6:51 | Create | Villager (Male) |
| 6:59 | Build | House |
| 7:14 | Build | House |
| 7:29 | Create | Villager (Male) |
| 7:50 | Create | Villager (Male) |
| 8:31 | Create | Villager (Male) |
| 8:32 | Create | Villager (Male) |
| 8:37 | Build | Mill |
| 8:44 | Build | Mill |
| 8:57 | Build | Mill |
| 8:59 | Create | Villager (Male) |
| 9:06 | Create | Villager (Male) |
| 9:09 | Create | Villager (Male) |
| 9:18 | Build | Farm |
| 9:20 | Build | Farm |
| 9:22 | Build | Farm |
| 9:48 | Create | Villager (Male) |
| 10:25 | Build | House |
| 10:27 | Build | House |
| 10:33 | Build | House |
| 10:36 | Create | Villager (Male) |
| 10:55 | Create | Villager (Male) |
| 11:15 | Create | Villager (Male) |
| 12:03 | Build | Lumber Camp |
| 12:06 | Create | Villager (Male) |
| 12:09 | Build | Mining Camp |
| 12:25 | Build | Palisade Wall |
| 12:26 | Build | Palisade Wall |
| 12:39 | Create | Villager (Male) |
| 12:40 | Create | Villager (Male) |
| 12:43 | Research | Feudal Age |
| 13:26 | Research | Loom |
| 13:27 | Research | Feudal Age |
| 14:50 | Build | Farm |
| 15:06 | Build | House |
| 15:18 | Build | House |
| 15:23 | Build | House |
| 15:26 | Create | Villager (Male) |
| 15:29 | Build | Farm |
| 15:32 | Create | Villager (Male) |
| 15:34 | Build | Farm |
| 16:06 | Age | Feudal Age |
| 16:09 | Build | Market |
| 16:11 | Build | Blacksmith |
| 16:35 | Research | Double-Bit Axe |
| 16:36 | Create | Villager (Male) |
| 16:40 | Research | Horse Collar |
| 16:43 | Create | Villager (Male) |
| 16:59 | Research | Castle Age |
| 16:59 | Research | Castle Age |
| 17:03 | Build | House |
| 17:05 | Build | House |
| 17:06 | Build | House |
| 17:09 | Create | Villager (Male) |
| 17:15 | Create | Villager (Male) |
| 17:40 | Build | Mining Camp |
| 17:45 | Create | Villager (Male) |
| 18:06 | Build | House |
| 18:07 | Build | House |
| 18:08 | Build | House |
| 18:14 | Build | Stone Wall |
| 18:18 | Build | Stone Wall |
| 18:28 | Build | Farm |
| 18:31 | Create | Villager (Male) |
| 18:39 | Create | Villager (Male) |
| 19:39 | Age | Castle Age |
| 19:44 | Build | University |
| 20:11 | Build | Monastery |
| 20:15 | Create | Villager (Male) |
| 20:41 | Build | Farm |
| 20:44 | Build | Farm |
| 20:56 | Build | Farm |
| 21:17 | Build | Farm |
| 21:26 | Build | Farm |
| 21:39 | Research | Imperial Age |
| 21:39 | Research | Imperial Age |
| 22:41 | Build | Barracks |
| 22:47 | Research | Wheelbarrow |
| 23:22 | Build | Stable |
| 23:27 | Create | Villager (Male) |
| 23:38 | Build | House |
| 23:52 | Build | Town Center |
| 23:56 | Create | Villager (Male) |
| 24:02 | Create | Scout Cavalry |
| 24:08 | Create | Villager (Male) |
| 24:33 | Build | Castle |
| 24:40 | Create | Scout Cavalry |
| 24:41 | Create | Villager (Male) |
| 24:49 | Age | Imperial Age |
| 24:50 | Create | Villager (Male) |
| 24:58 | Create | Villager (Male) |
| 25:01 | Create | Villager (Male) |
| 25:03 | Create | Villager (Male) |
| 25:17 | Research | Scale Barding Armor |
| 25:18 | Create | Villager (Male) |
| 25:19 | Create | Scout Cavalry |
| 25:20 | Create | Scout Cavalry |
| 25:36 | Create | Villager (Male) |
| 25:43 | Build | Farm |
| 25:43 | Build | Farm |
| 25:44 | Create | Janissary |
| 25:48 | Create | Villager (Male) |
| 26:15 | Create | Villager (Male) |
| 26:21 | Create | Villager (Male) |
| 26:23 | Build | Farm |
| 26:24 | Build | Farm |
| 26:26 | Build | Farm |
| 26:27 | Build | Farm |
| 26:31 | Create | Janissary |
| 26:44 | Create | Janissary |
| 26:52 | Build | Farm |
| 27:00 | Create | Villager (Male) |
| 27:04 | Build | Farm |
| 27:08 | Build | Farm |
| 27:11 | Build | Farm |
| 27:15 | Create | Villager (Male) |
| 27:16 | Create | Villager (Male) |
| 27:26 | Create | Villager (Male) |
| 27:29 | Build | Farm |
| 27:32 | Build | Farm |
| 27:35 | Create | Janissary |
| 27:48 | Create | Villager (Male) |
| 27:52 | Build | Farm |
| 28:05 | Create | Villager (Male) |
| 28:07 | Create | Villager (Male) |
| 28:13 | Create | Villager (Male) |
| 28:22 | Build | Siege Workshop |
| 28:24 | Create | Villager (Male) |
| 28:25 | Create | Janissary |
| 28:36 | Build | Farm |
Build order — jardan1234
First 150 of 321 actions detected
| 0:18 | Build | Town Center |
| 2:52 | Create | Villager (Male) |
| 2:52 | Create | Villager (Male) |
| 2:53 | Create | Villager (Male) |
| 2:53 | Create | Villager (Male) |
| 2:56 | Build | House |
| 3:23 | Build | House |
| 4:05 | Build | Lumber Camp |
| 4:12 | Create | Villager (Male) |
| 4:12 | Create | Villager (Male) |
| 4:48 | Create | Villager (Male) |
| 4:48 | Create | Villager (Male) |
| 5:02 | Create | Villager (Male) |
| 5:02 | Create | Villager (Male) |
| 5:29 | Create | Villager (Male) |
| 5:30 | Create | Villager (Male) |
| 5:45 | Build | Mill |
| 5:53 | Create | Villager (Male) |
| 6:44 | Create | Villager (Male) |
| 6:44 | Create | Villager (Male) |
| 7:06 | Create | Villager (Male) |
| 7:06 | Create | Villager (Male) |
| 7:23 | Build | Dock |
| 7:32 | Create | Villager (Male) |
| 7:32 | Create | Villager (Male) |
| 8:02 | Create | Fishing Ship |
| 8:02 | Create | Fishing Ship |
| 8:07 | Build | House |
| 8:10 | Build | House |
| 8:14 | Research | Loom |
| 8:15 | Create | Villager (Male) |
| 8:15 | Create | Villager (Male) |
| 8:15 | Create | Villager (Male) |
| 8:15 | Create | Villager (Male) |
| 8:27 | Create | Fishing Ship |
| 8:51 | Create | Villager (Male) |
| 8:51 | Create | Villager (Male) |
| 8:52 | Create | Villager (Male) |
| 9:15 | Create | Fishing Ship |
| 9:31 | Create | Villager (Male) |
| 9:37 | Create | Villager (Male) |
| 9:49 | Create | Fishing Ship |
| 10:11 | Build | Mill |
| 10:15 | Create | Villager (Male) |
| 10:19 | Create | Fishing Ship |
| 10:31 | Build | Lumber Camp |
| 10:36 | Create | Villager (Male) |
| 11:02 | Build | House |
| 11:06 | Build | House |
| 11:26 | Build | Mill |
| 11:31 | Build | House |
| 11:48 | Create | Fishing Ship |
| 12:09 | Create | Villager (Male) |
| 12:22 | Build | Mining Camp |
| 12:33 | Build | Farm |
| 12:36 | Build | Farm |
| 12:41 | Build | Farm |
| 12:51 | Research | Feudal Age |
| 12:51 | Research | Feudal Age |
| 12:58 | Create | Fishing Ship |
| 13:11 | Build | House |
| 13:39 | Build | Palisade Wall |
| 13:51 | Build | Palisade Wall |
| 14:00 | Build | Palisade Wall |
| 14:04 | Build | Palisade Wall |
| 14:17 | Build | Palisade Wall |
| 14:20 | Build | Palisade Wall |
| 14:39 | Build | Palisade Wall |
| 14:45 | Build | Palisade Wall |
| 15:01 | Age | Feudal Age |
| 15:08 | Research | Double-Bit Axe |
| 15:12 | Build | Fish Trap |
| 15:28 | Build | Market |
| 15:36 | Build | Blacksmith |
| 15:46 | Build | Fish Trap |
| 15:49 | Create | Villager (Male) |
| 15:49 | Create | Villager (Male) |
| 16:05 | Build | Fish Trap |
| 16:27 | Build | Fish Trap |
| 16:49 | Build | Fish Trap |
| 16:59 | Research | Castle Age |
| 16:59 | Research | Castle Age |
| 16:59 | Research | Castle Age |
| 17:07 | Build | Fish Trap |
| 17:28 | Build | Fish Trap |
| 17:47 | Research | Gold Mining |
| 18:09 | Research | Horse Collar |
| 18:13 | Build | House |
| 18:14 | Build | House |
| 18:21 | Create | Villager (Male) |
| 18:56 | Build | Barracks |
| 19:31 | Build | House |
| 19:37 | Create | Villager (Male) |
| 19:37 | Create | Villager (Male) |
| 19:39 | Age | Castle Age |
| 19:50 | Build | Stable |
| 19:57 | Build | Stable |
| 20:03 | Build | House |
| 20:04 | Build | House |
| 20:06 | Create | Villager (Male) |
| 20:06 | Create | Villager (Male) |
| 20:25 | Research | Tech 906 |
| 20:25 | Research | Tech 906 |
| 20:33 | Build | Farm |
| 20:46 | Create | Villager (Male) |
| 20:50 | Create | Knight |
| 20:52 | Research | Bloodlines |
| 20:53 | Research | Scale Barding Armor |
| 20:58 | Build | Gate |
| 21:03 | Build | House |
| 21:04 | Build | House |
| 21:05 | Build | House |
| 21:07 | Create | Villager (Male) |
| 21:07 | Create | Villager (Male) |
| 21:16 | Create | Knight |
| 21:43 | Build | Town Center |
| 21:45 | Create | Villager (Male) |
| 21:45 | Create | Villager (Male) |
| 21:48 | Build | Farm |
| 21:48 | Build | Farm |
| 22:05 | Build | Farm |
| 22:05 | Build | Farm |
| 22:12 | Create | Knight ×2 |
| 22:12 | Create | Knight ×2 |
| 22:21 | Build | House |
| 22:23 | Build | House |
| 22:39 | Create | Villager (Male) |
| 22:40 | Create | Villager (Male) |
| 22:47 | Build | Farm |
| 22:48 | Build | Farm |
| 22:54 | Build | Farm |
| 22:56 | Create | Villager (Male) |
| 22:56 | Create | Villager (Male) |
| 23:05 | Create | Villager (Male) |
| 23:05 | Create | Villager (Male) |
| 23:06 | Create | Villager (Male) |
| 23:09 | Build | Farm |
| 23:31 | Create | Villager (Male) |
| 23:31 | Create | Villager (Male) |
| 23:44 | Research | Forging |
| 23:45 | Research | Forging |
| 23:52 | Create | Villager (Male) |
| 24:05 | Build | Town Center |
| 24:07 | Create | Villager (Male) |
| 24:07 | Create | Villager (Male) |
| 24:23 | Build | Farm |
| 24:25 | Build | Farm |
| 24:26 | Create | Villager (Male) |
| 24:27 | Create | Villager (Male) |
| 24:27 | Create | Villager (Male) |
Match timeline
| 7:23 | jardan1234 · first_building Dock |
| 9:52 | Napopappone · wall_segment Palisade Wall x1 |
| 10:48 | vapo · wall_segment Palisade Wall x7 |
| 12:15 | Napopappone · age_up feudal |
| 12:25 | Aze · wall_segment Palisade Wall x6 |
| 12:26 | Sargon II · first_building Barracks |
| 12:26 | Aze · wall_segment Palisade Wall x1 |
| 12:35 | vapo · first_building Barracks |
| 12:59 | vapo · wall_segment Palisade Wall x1 |
| 13:10 | vapo · wall_segment Palisade Wall x1 |
| 13:39 | jardan1234 · wall_segment Palisade Wall x11 |
| 13:51 | jardan1234 · wall_segment Palisade Wall x11 |
| 14:00 | jardan1234 · wall_segment Palisade Wall x11 |
| 14:04 | jardan1234 · wall_segment Palisade Wall x11 |
| 14:11 | Grinch · first_building Barracks |
| 14:17 | jardan1234 · wall_segment Palisade Wall x1 |
| 14:18 | [AJJRR] Minillop · age_up feudal |
| 14:20 | jardan1234 · wall_segment Palisade Wall x1 |
| 14:39 | jardan1234 · wall_segment Palisade Wall x1 |
| 14:45 | jardan1234 · wall_segment Palisade Wall x30 |
| 15:01 | jardan1234 · age_up feudal |
| 15:11 | Sargon II · age_up feudal |
| 15:23 | LolloLove91 · age_up feudal |
| 15:34 | vapo · age_up feudal |
| 15:39 | vapo · first_building Stable |
| 15:59 | Napopappone · first_building Barracks |
| 16:06 | Aze · age_up feudal |
| 16:22 | Sargon II · first_building Archery Range |
| 16:44 | LolloLove91 · first_market_buy 100 food |
| 16:57 | LolloLove91 · first_market_sell 100 food |
| 17:16 | Napopappone · age_up castle |
| 18:14 | Aze · wall_segment Stone Wall x1 |
| 18:18 | Aze · wall_segment Stone Wall x1 |
| 18:18 | Napopappone · first_market_buy 100 wood |
| 18:28 | [AJJRR] Minillop · age_up castle |
| 18:56 | jardan1234 · first_building Barracks |
| 19:18 | [AJJRR] Minillop · first_building Monastery |
| 19:39 | Aze · age_up castle |
| 19:39 | jardan1234 · age_up castle |
| 19:42 | LolloLove91 · age_up castle |
| 19:49 | LolloLove91 · first_building Castle |
| 19:50 | jardan1234 · first_building Stable |
| 20:06 | Grinch · age_up feudal |
| 20:08 | LolloLove91 · wall_segment Palisade Wall x1 |
| 20:11 | Aze · first_building Monastery |
| 20:22 | [AJJRR] Minillop · first_building Castle |
| 20:22 | LolloLove91 · wall_segment Palisade Wall x1 |
| 20:30 | LolloLove91 · wall_segment Palisade Wall x1 |
| 20:31 | [AJJRR] Minillop · wall_segment Palisade Wall x1 |
| 20:32 | LolloLove91 · wall_segment Palisade Wall x1 |
| 20:58 | LolloLove91 · wall_segment Palisade Wall x1 |
| 20:59 | LolloLove91 · wall_segment Palisade Wall x1 |
| 21:07 | Sargon II · age_up castle |
| 21:10 | LolloLove91 · wall_segment Palisade Wall x1 |
| 22:41 | vapo · first_market_buy 100 food |
| 22:41 | Aze · first_building Barracks |
| 22:44 | Grinch · first_building Stable |
| 22:46 | vapo · first_market_sell 100 wood |
| 23:22 | Aze · first_building Stable |
| 23:49 | Napopappone · tribute_sent a jugador 1 |
| 23:49 | Napopappone · tribute_sent a jugador 3 |
| 23:49 | Napopappone · tribute_sent a jugador 4 |
| 23:49 | Napopappone · tribute_sent a jugador 5 |
| 23:49 | Napopappone · tribute_sent a jugador 6 |
| 23:49 | Napopappone · tribute_sent a jugador 7 |
| 23:49 | Napopappone · tribute_sent a jugador 8 |
| 24:02 | jardan1234 · first_market_buy 100 stone |
| 24:33 | Aze · first_building Castle |
| 24:43 | Napopappone · first_building Siege Workshop |
| 24:49 | Aze · age_up imperial |
| 24:52 | [AJJRR] Minillop · first_market_buy 100 food |
| 25:28 | vapo · age_up castle |
| 25:32 | vapo · first_building Castle |
| 26:30 | vapo · wall_segment Palisade Wall x1 |
| 26:33 | vapo · wall_segment Palisade Wall x1 |
| 26:36 | vapo · wall_segment Palisade Wall x1 |
| 28:22 | Aze · first_building Siege Workshop |
| 28:36 | jardan1234 · first_building Archery Range |
| 29:21 | vapo · first_building Siege Workshop |
| 30:50 | Grinch · age_up castle |
| 32:06 | Napopappone · first_building Castle |
| 34:34 | [AJJRR] Minillop · first_building Barracks |
| 35:19 | jardan1234 · first_market_sell 100 stone |
| 35:27 | jardan1234 · first_building Siege Workshop |
| 35:28 | jardan1234 · first_building Monastery |
| 35:34 | Grinch · resign |
[ AI ANALYSIS · 1 CREDIT ]
What really happened in this match?
Wolo.gg analyzes every decision: build order, eco, micro, common mistakes by bracket. Personalized analysis on WhatsApp or Discord in 30 seconds.
Civ guide
Georgians
Perfil
Jugador #4468699